 Dungeon Crawl Stone Soup version 0.32-a0-747-gc8563f6773 (webtiles) character file.

Game seed: 14848601820946625848

11186 cforsyth the Cleaver (level 11, 0/97 HPs)
             Began as a Mountain Dwarf Cinder Acolyte on Mar 17, 2024.
             Was a High Priest of Ignis.
             Slain by a yak (5 damage)
             ... on level 11 of the Dungeon.
             The game lasted 00:29:42 (16566 turns).

cforsyth the Cleaver (MDCA)                        Turns: 16566, Time: 00:29:42

Health: 0/97       AC: 19    Str: 25    XL:     11   Next: 46%
Magic:  26/26      EV:  6    Int: 14    God:    Ignis [*****.]
Gold:   1          SH:  0    Dex:  8    Spells: 16/18 levels left

rFire   + . .        a - +5 broad axe of Friendship {venom, rCorr Int-3 Dex+3 Stlth+}
rCold   . . .        (no shield)
rNeg    . . .        G - +0 plate armour
rPois   .            i - +0 helmet
rElec   .            w - +0 cloak
rCorr   +            K - +1 pair of gloves
SInv    .            (no boots)
Will    +....        (no amulet) Stlth
                     M - ring of magical power
HPRegen 0.36/turn    S - +6 ring of strength
MPRegen 0.20/turn

%: no passive effects
@: no status effects
A: runic magic, artefact enchanting
a: Renounce Religion, Fiery Armour, Foxfire Swarm, Rising Flame


You were on level 11 of the Dungeon.
You worshipped Ignis.
Ignis was extremely pleased with you.
You visited 1 branch of the dungeon, and saw 11 of its levels.
You also visited: Ossuary.

You collected 625 gold pieces.
You spent 624 gold pieces at shops.


Innate Abilities, Weirdness & Mutations

Your spellcasting is much less encumbered by armour.
You can use scrolls of enchantment on lesser artefacts.


   Skills:
 + Level 9.6 Fighting
 + Level 10.5 Axes
 + Level 8.9 Armour
 + Level 6.7 Shields
 - Level 4.4 Spellcasting
 + Level 10.5 Fire Magic


You had 16 spell levels left.
You knew the following spells:

 Your Spells              Type           Power      Damage    Failure   Level
X - Scorch                Fire           64%        2d7       1%          2

Your spell library contained the following spells:

 Spells                   Type           Power      Damage    Failure   Level
 Inner Flame              Hex/Fire       17%        N/A       12%         3
 Volatile Blastmotes      Fire/Tloc      34%        2d12      12%         3
 Apportation              Tloc           6%         N/A       32%         1
 Necrotise                Necr           12%        1d4       32%         1
 Slow                     Hex            12%        N/A       32%         1
 Sting                    Conj/Alch      12%        1d3       32%         1
 Summon Small Mammal      Summ           12%        N/A       32%         1
 Summon Blazeheart Golem  Fire/Summ      17%        N/A       36%         4
 Confusing Touch          Hex            3%         N/A       69%         3
 Passwall                 Erth           3%         N/A       69%         3
 Vampiric Draining        Necr           3%         2d6       69%         3
 Fireball                 Conj/Fire      8%         3d6       71%         5
 Brom's Barrelling Bould  Conj/Erth      3%         2d3       97%         4
 Leda's Liquefaction      Alch/Erth      1%         N/A       97%         4
 Martyr's Knell           Necr/Summ      3%         N/A       97%         4
 Petrify                  Alch/Erth      3%         N/A       97%         4
 Curse of Agony           Necr           3%         N/A       100%        5
 Irradiate                Conj/Alch      1%         3d12      100%        5
 Iskenderun's Battlesphe  Conj           3%         2d6       100%        5
 Metabolic Englaciation   Hex/Ice        1%         N/A       100%        5
 Bombard                  Conj/Erth      1%         9d1       100%        6
 Conjure Ball Lightning   Conj/Air       1%         3x3d6     100%        6
 Orb of Destruction       Conj           1%         9d5       100%        7
 Spellforged Servitor     Conj/Summ      1%         N/A       100%        7
 Ignition                 Fire           16%        3d6       100%        8

Inventory:

Hand Weapons
 a - the +5 broad axe of Friendship (weapon) {venom, rCorr Int-3 Dex+3 Stlth+}
   (You acquired it on level 1 of the Dungeon)

   Int-3:     It affects your intelligence (-3).
   Dex+3:     It affects your dexterity (+3).
   rCorr:     It protects you from acid and corrosion.
   Stlth+:    It makes you more stealthy.
 e - the +4 dagger "Kuher" {antimagic, Fly Stlth+}
   (You found it on level 2 of the Dungeon)

   Fly:       It grants you flight.
   Stlth+:    It makes you more stealthy.
 p - the +9 dagger "Zumacw" {pain, rN+++ Stlth-}
   (You found it on level 2 of the Dungeon)

   rN+++:     It renders you almost immune to negative energy.
   Stlth-:    It makes you less stealthy.
 D - a +2 war axe of electrocution
 Q - the +4 war axe of the Extremes {freeze, rF+ Will- Dex+4}
   (You found it on level 2 of the Dungeon)

   Dex+4:     It affects your dexterity (+4).
   rF+:       It protects you from fire.
   Will-:     It decreases your willpower.
Armour
 i - a +0 helmet (worn)
 w - a +0 cloak (worn)
 G - a +0 plate armour (worn)
 K - a +1 pair of gloves (worn)
Jewellery
 f - a ring of protection from fire
 F - a ring of protection from fire
 M - a ring of magical power (left hand)
 N - a ring of positive energy
 S - a +6 ring of strength (right hand)
 V - the ring "Urphighunu" {Ice Int+6 SInv}
   (You took it off Eustachio on level 3 of the Dungeon)

   [ring of ice]

   Ice:       It enhances your ice magic.
   Int+6:     It affects your intelligence (+6).
   rF-:       It makes you vulnerable to fire.
   rC+:       It protects you from cold.
   SInv:      It lets you see invisible.
 Z - a ring of wizardry
Wands
 k - a wand of digging (5)
 m - a wand of polymorph (4)
 z - a wand of flame (39)
 L - a wand of iceblast (4)
Scrolls
 b - a scroll of torment {unknown}
 h - 9 scrolls of identify {@r1}
 j - 3 scrolls of teleportation {@r2}
 n - 4 scrolls of revelation
 o - 4 scrolls of poison
 r - a scroll of silence {unknown}
 s - a scroll of amnesia {unknown}
 u - a scroll of noise {unknown}
 x - a scroll of fog
 y - 3 scrolls of fear
 I - 4 scrolls of immolation {unknown}
 J - a scroll of enchant armour {unknown}
 P - a scroll of brand weapon {unknown}
 T - a scroll of vulnerability {unknown}
Potions
 c - a potion of invisibility {unknown}
 d - 3 potions of lignification {unknown}
 g - 2 potions of magic {unknown}
 l - 2 potions of might
 q - 2 potions of mutation {unknown}
 t - a potion of haste {unknown}
 v - 5 potions of enlightenment
 A - a potion of degeneration {unknown}
 B - 9 potions of curing {@q1}
 C - 5 potions of brilliance
 E - 2 potions of cancellation {unknown}
 R - a potion of ambrosia {unknown}
 U - a potion of resistance {unknown}

Dungeon Overview and Level Annotations

Branches:
Dungeon (11/15)            Temple (0/1) D:6            Lair (0/5) D:9
    Orc (0/2) D:10        Ossuary (visited)

Altars:
Kikubaaqudgha
Qazlal
Sif Muna
Trog
Vehumet
Wu Jian
Xom

Shops:
D:1 ?   D:7 !

Annotations:
D:10 Snorg
D:11 Harold

####..........).....###.....
#....####..).....# .....
#.......†..)..##.........
#....####................
##.#.#.......#...........
#######.#.#....$..#....##....
#<......#.........#....# .o..
###########...Y...#....# ...
......{@Y.#....# ..
#####'#Y### ... # ..# #...
#... ..... ..... .......


You could see 3 yaks.


Message History

You completely miss something.
The shadow strikes at you from the darkness!
* * * LOW HITPOINT WARNING * * *
Reactivating autopickup.
The yak gores you but does no damage.
You slash the shadow!
The shadow is heavily damaged.
You hit the yak but do no damage.
The yak looks as sick as possible!
The shadow hits you.
* * * LOW HITPOINT WARNING * * *
The yak gores you.
* * * LOW HITPOINT WARNING * * *
Unknown command.
You slash the shadow!
The shadow is severely damaged.
You hit the yak.
The yak looks as sick as possible!
The shadow hits you. The yak gores you!
* * * LOW HITPOINT WARNING * * *
Unknown command.
Unknown command.
You hit the shadow but do no damage.
The shadow is severely damaged.
You slash the yak!
The yak is poisoned.
You hit the yak.
The yak looks as sick as possible!
The shadow slips into darkness.
The shadow flickers and vanishes!
Deactivating autopickup; reactivate with Ctrl-A.
The yak gores you.
You die...
Ignis goes out, and joins you in death.

Skill      XL: |  1  2  3  4  5  6  7  8  9 10 11 |
---------------+----------------------------------+-----
Armour         | 1 2 4 5 6 8 |  8.9
Axes           | 4 5 6 7 8 9 10 | 10.5
Fire Magic     | 4 5 6 7 8 9 10 | 10.5
Fighting       | 4 5 6 7 9 |  9.6
Spellcasting   | 2 3 4 |  4.4
Shields        | 3 5 6 |  6.7

Action                     |  1- 3 |  4- 6 |  7- 9 | 10-12 || total
---------------------------+-------+-------+-------+-------++-------
  Melee: Hand axe          |   127 |    16 |       |       ||   143
         War axe           |       |    48 |    88 |    95 ||   231
         Broad axe         |       |       |       |    50 ||    50
   Cast: Scorch            |    11 |    94 |   192 |   175 ||   472
  Evoke: Wand              |       |       |     2 |    13 ||    15
    Use: Potion            |     3 |       |       |     7 ||    10
         Scroll            |       |     1 |     7 |     4 ||    12
   Stab: Distracted        |       |       |       |     1 ||     1
 Armour: Chain mail        |   171 |   148 |    42 |       ||   361
         Plate armour      |       |       |   168 |   407 ||   575
  Dodge: Dodged            |    51 |    52 |    66 |   124 ||   293

Levels and vault maps discovered:
D:1:      amcnicky_arrival_single_pillar, layout_rooms,
          hellmonk_ecumenical_altar_prayer_group, serial_shops, shop
D:2:      layout_basic, dilly_guarded_unrand_morg
D:3:      kennysheep_goblin_castle, layout_loops_ring
D:4:      layout_basic, kennysheep_little_box, grunt_decor_resistance,
          uniq_eustachio, uniq_menkaure, uniq_pikel, uniq_robin, uniq_grinder
D:5:      layout_gridville, nicolae_kikubaaqudgha_miasma_corner,
          uniq_blork_the_orc, uniq_duvessa
D:6:      layout_rooms, nicolae_qazlal_general_emergency,
          hellmonk_overflow_destroyed_library, minmay_temple_entry_offerings,
          chequers_ossuary_entry_cave, kennysheep_small_circle
D:7:      layout_basic, xom_redecorated, serial_shops,
          nicolae_shop_industrial_runoff
D:8:      statuecave_lemuel, layout_basic, roderic_filled_cross
D:9:      layout_loops_ring, david_lair_shrubbed, serial_bayou_lake_a,
          uniq_jeremiah
D:10:     layout_irregular_city, nicolae_overflow_crystal_walls, david_orc_2,
          uniq_nergalle, uniq_snorg
D:11:     layout_basic, minivault_25, uniq_harold, uniq_maurice, uniq_josephine

Notes
Turn   | Place    | Note
-------+----------+-------------------------------------------
     0 | D:1      | cforsyth the Mountain Dwarf Cinder Acolyte began the quest
                  | for the Orb.
     0 | D:1      | Reached XP level 1. HP: 19/19 MP: 2/2
    94 | D:1      | Reached XP level 2. HP: 23/26 MP: 3/3
   131 | D:1      | Found Sut Zurgh's Magic Scroll Emporium.
   300 | D:1      | Found a faded altar of an unknown god.
   385 | D:1      | Reached skill level 1 in Armour
   516 | D:2      | Reached skill level 4 in Axes
   516 | D:2      | Reached XP level 3. HP: 30/31 MP: 5/5
   563 | D:2      | Reached skill level 4 in Fire Magic
   699 | D:2      | Learned a level 2 spell: Scorch
   996 | D:2      | Identified the +2 robe "Amen" {rN+ rCorr}
  1193 | D:2      | Reached XP level 4. HP: 40/40 MP: 0/6
  1419 | D:2      | Identified the +4 dagger "Kuher" {antimagic, Fly Stlth+}
  1448 | D:2      | Identified the +4 war axe of the Extremes {freeze, rF+
                  | Will- Dex+4}
  1674 | D:2      | Noticed Natasha
  1679 | D:2      | Reached skill level 2 in Armour
  1680 | D:2      | Killed Natasha
  1681 | D:2      | Reached skill level 4 in Fighting
  1681 | D:2      | Reached skill level 2 in Spellcasting
  1681 | D:2      | Reached XP level 5. HP: 27/46 MP: 8/8
  1749 | D:2      | Identified the +9 dagger "Zumacw" {pain, rN+++ Stlth-}
  2925 | D:3      | Noticed Robin
  3062 | D:3      | Killed Robin
  3240 | D:4      | Noticed an ice beast
  3254 | D:4      | Killed an ice beast
  3255 | D:4      | Reached skill level 5 in Axes
  3255 | D:4      | Reached skill level 5 in Fire Magic
  3255 | D:4      | Reached XP level 6. HP: 53/53 MP: 9/9
  3272 | D:4      | Reached skill level 3 in Armour
  3512 | D:4      | Noticed Pikel
  3701 | D:4      | Noticed Grinder
  3702 | D:4      | Identified the ring "Urphighunu" {Ice Int+6 SInv}
  3702 | D:4      | Noticed Eustachio
  3852 | D:4      | Found an ornate altar of the Wu Jian Council.
  4374 | D:4      | Killed Pikel
  4375 | D:4      | Reached skill level 5 in Fighting
  4375 | D:4      | Reached skill level 4 in Armour
  4375 | D:4      | Reached skill level 3 in Spellcasting
  4375 | D:4      | Reached XP level 7. HP: 21/61 MP: 3/11
  4514 | D:4      | Killed Grinder
  4515 | D:4      | Reached skill level 6 in Axes
  4515 | D:4      | Reached skill level 6 in Fire Magic
  4515 | D:4      | Reached XP level 8. HP: 53/69 MP: 9/13
  4673 | D:4      | Noticed Menkaure
  4830 | D:3      | Killed Eustachio
  4882 | D:4      | Killed Menkaure
  5175 | D:4      | Reached skill level 6 in Fighting
  5180 | D:3      | Reached skill level 5 in Armour
  5274 | D:4      | Reached skill level 4 in Spellcasting
  5495 | D:5      | Entered Level 5 of the Dungeon
  5495 | D:5      | Noticed Blork the orc
  5500 | D:5      | Killed Blork the orc
  5506 | D:5      | Reached skill level 7 in Axes
  5687 | D:5      | Reached skill level 7 in Fire Magic
  5912 | D:5      | Found an ancient bone altar of Kikubaaqudgha.
  6207 | D:5      | Noticed Dowan
  6207 | D:5      | Noticed Duvessa
  6252 | D:5      | Killed Dowan
  6253 | D:5      | Reached XP level 9. HP: 69/78 MP: 15/15
  6812 | D:5      | Killed Duvessa
  7253 | D:5      | Found an ancient bone altar of Kikubaaqudgha.
  7416 | D:6      | Found a stormy altar of Qazlal.
  7450 | D:6      | Identified the +0 long sword of the Glimmering Shrike
                  | {elec, *Rage rElec rPois rC+}
  7473 | D:6      | Found a sand-covered staircase.
  7480 | Ossuary  | Entered an ossuary
  7492 | Ossuary  | Reached skill level 1 in Shields
  7509 | Ossuary  | Reached skill level 6 in Armour
  7794 | D:6      | Reached skill level 7 in Fighting
  7940 | D:6      | Found a bloodstained altar of Trog.
  7944 | D:6      | Found a shimmering blue altar of Sif Muna.
  8038 | D:6      | Found a staircase to the Ecumenical Temple.
  8207 | D:7      | Reached skill level 2 in Shields
  8416 | D:6      | Reached skill level 8 in Axes
  8463 | D:6      | Reached skill level 8 in Fire Magic
  8778 | D:7      | Found Cagubrov's Distillery.
  8785 | D:7      | Identified the +0 robe of Fohoubif {rPois Will+ Regen+
                  | Slay+2}
  8790 | D:7      | Bought a potion of might for 52 gold pieces
  8919 | D:7      | Found a shimmering altar of Xom.
  9368 | D:8      | Reached skill level 3 in Shields
 10517 | D:9      | Reached XP level 10. HP: 74/88 MP: 13/16
 10525 | D:9      | Reached skill level 7 in Armour
 10902 | D:9      | Reached skill level 4 in Shields
 10975 | D:9      | Paralysed by a hornet for 1 turns
 10977 | D:9      | Reached skill level 8 in Fighting
 11300 | D:9      | Reached skill level 9 in Axes
 11301 | D:9      | Reached skill level 9 in Fire Magic
 11738 | D:9      | Noticed Jeremiah
 11923 | D:9      | Killed Jeremiah
 12342 | D:9      | Found a staircase to the Lair.
 12526 | D:10     | Entered Level 10 of the Dungeon
 12546 | D:10     | Noticed Nergalle
 12605 | D:10     | Killed Nergalle
 12606 | D:10     | Reached skill level 5 in Shields
 12798 | D:10     | Found a radiant altar of Vehumet.
 13151 | D:10     | Noticed Snorg
 13166 | D:10     | HP: 6/90 [Snorg (8)]
 13615 | D:10     | Reached skill level 8 in Armour
 13890 | D:10     | Found a staircase to the Orcish Mines.
 14136 | D:10     | Reached skill level 9 in Fighting
 14319 | D:10     | Noticed a gargoyle
 14509 | D:11     | Noticed a boulder beetle
 14511 | D:11     | Reached XP level 11. HP: 93/97 MP: 16/17
 14580 | D:11     | Reached skill level 10 in Axes
 14686 | D:11     | Reached skill level 10 in Fire Magic
 14732 | D:11     | Noticed Josephine
 14745 | D:11     | Reached skill level 6 in Shields
 14751 | D:11     | HP: 8/87 [Josephine/+0 dagger (5)]
 14756 | D:11     | Killed Josephine
 15135 | D:11     | Noticed Harold
 15291 | D:2      | Noticed Natasha
 15294 | D:2      | Killed Natasha
 15459 | D:2      | Noticed Natasha
 15464 | D:2      | Killed Natasha
 15748 | D:1      | Bought a scroll of acquirement for 572 gold pieces
 15750 | D:1      | Acquired the +5 broad axe of Friendship {venom, rCorr Int-3
                  | Dex+3 Stlth+}
 16565 | D:11     | HP: 5/97 [yak (12)]
 16566 | D:11     | Slain by a yak

Vanquished Creatures
  Josephine (D:11)
  Nergalle (D:10)
  Pikel (D:4)
  2 gargoyles
  Jeremiah (D:9)
  A komodo dragon (D:9)
  A hornet (D:9)
  2 trolls
  Grinder (D:4)
  A vampire (D:11)
  A shadow (D:10)
  4 wraiths (D:11)
  2 wyverns
  3 yaks (D:11)
  Eustachio (D:3)
  3 vampire mosquitoes (D:11)
  Menkaure (D:4)
  An acid dragon (D:10)
  A water moccasin (D:9)
  Duvessa (D:5)
  2 ice beasts
  7 orc warriors
  A sky beast (D:7)
  6 centaurs
  An ogre (D:6)
  3 lemures (D:3)
  A kobold brigand (D:9)
  Blork the orc (D:5)
  4 bullfrogs
  3 elf zombies (Ossuary)
  14 wights
  Dowan (D:5)
  12 killer bees
  6 jellies
  5 electric eels
  A hound (D:4)
  A bombardier beetle (D:5)
  2 gnoll boudas
  8 orc priests
  3 iguanas
  Natasha (thrice) (D:2)
  14 orc wizards
  4 mummies (Ossuary)
  3 hound zombies (Ossuary)
  Robin (D:3)
  14 gnolls
  5 adders
  2 shadow imps
  3 white imps
  4 ufetubi (D:6)
  2 adder zombies
  An adder skeleton (D:2)
  3 ribbon worms
  4 dart slugs
  49 orcs
  A spectral bat (D:2)
  7 bats
  A bat zombie (D:2)
  4 endoplasms
  3 giant cockroaches
  2 gnoll zombies (Ossuary)
  17 goblins
  7 hobgoblins
  6 jackals
  4 quokkas
  12 ball pythons
  A ball python simulacrum (D:2)
  7 frilled lizards
  A hobgoblin zombie (Ossuary)
  2 jackal zombies
  13 kobolds
  6 rats
  A rat zombie (Ossuary)
319 creatures vanquished.

Table legend: (Time is in decaauts)
 A = Elapsed time spent in this place.
 B = Non-inter-level travel time spent in this place.
 C = Inter-level travel time spent in this place.
 D = Time resting spent in this place.
 E = Time spent auto-exploring this place.
 F = Levels seen in this place.
 G = Mean time per level.
                   A        B        C        D        E       F      G
               +--------+--------+--------+--------+--------+-----+--------+
         Total |  16712 |  16136 |    576 |   3679 |   9427 |  12 | 1392.7 |
       Dungeon |  16424 |  15848 |    576 |   3564 |   9381 |  11 | 1493.1 |
       Ossuary |    287 |    287 |      0 |    115 |     46 |   1 |  287.0 |
               +--------+--------+--------+--------+--------+-----+--------+

Top non-repeatable levels by time:
     D:3: 2375 daAuts
     D:9: 2088 daAuts
     D:5: 2005 daAuts
     D:8: 1814 daAuts
     D:2: 1748 daAuts
    D:10: 1679 daAuts
     D:4: 1301 daAuts
    D:11: 1053 daAuts
     D:7: 869 daAuts
     D:1: 812 daAuts
     D:6: 675 daAuts
 Ossuary: 287 daAuts

Table legend:
 A = Non-vault XP
 B = Vault XP
 C = Vault XP percentage of total XP
 D = Non-vault monster count
 E = Vault monster count
 F = Vault count percentage of total count
                 A         B        C        D         E       F
            +---------+---------+-------+---------+---------+-------
      Total |   10317 |    5664 |  35.4 |     245 |      70 |  22.2
            +---------+---------+-------+---------+---------+-------
        D:1 |      48 |       4 |   7.7 |      24 |       3 |  11.1
        D:2 |     185 |      54 |  22.6 |      28 |       7 |  20.0
        D:3 |     186 |     172 |  48.0 |      21 |      22 |  51.2
        D:4 |     569 |    1073 |  65.3 |      21 |       3 |  12.5
        D:5 |     487 |     310 |  38.9 |      17 |       3 |  15.0
        D:6 |     451 |      46 |   9.3 |      12 |       2 |  14.3
        D:7 |     652 |       0 |   0.0 |      19 |       0 |   0.0
        D:8 |     885 |     210 |  19.2 |      24 |       1 |   4.0
        D:9 |    1923 |     778 |  28.8 |      36 |       2 |   5.3
       D:10 |    1887 |    1043 |  35.6 |      17 |       7 |  29.2
       D:11 |    3044 |    1544 |  33.7 |      26 |       4 |  13.3
    Ossuary |       0 |     430 | 100.0 |       0 |      16 | 100.0
            +---------+---------+-------+---------+---------+-------
